[ AOE2 MATCH · #508019903 ]
UnrankedMuisca vs Turks
Player's team · LOSS
Rival team · WIN
[ REPLAY ANALYSIS · EXTRACTED FROM THE RECORDED GAME ]
Feudal
11:09
Castle
24:13
Imperial
—
| APM avg | 31.8 |
| APM peak | 47 |
| eAPM avg | 19.5 |
| Villagers / military | 99 / 23 |
Focus
⚔️ 34.4% · 🌾 65.6%
Unknown (2550) ×58 · Unknown (2586) ×13 · Battering Ram ×9 · Archer ×7 · Spearman ×4 · Scorpion ×2
Feudal
8:55
Castle
25:18
Imperial
41:12
| APM avg | 49.4 |
| APM peak | 72 |
| eAPM avg | 25.7 |
| Villagers / military | 146 / 106 |
Focus
⚔️ 29.1% · 🌾 70.9%
Scout Cavalry ×42 · Janissary ×30 · Knight ×11 · Cavalry Archer ×11 · Monk ×7 · Petard ×3
Match map
Initial resources + every placement click. Lines = walls · curves = elevation contours. ◆ gold · ⬟ stone · ● berries · ✦ relic · ◌ wall gap
Your base· ✓ Closed at 24:13 · 102t walls · 1 gate(s)
norvel's base· Open — opponent sealed themselves in
Smoothed initial terrain · ◌ = detected wall gap · hover for details
Inputs per minute
— jf - - norvel
Build order — jf
First 150 of 322 actions detected
| 0:02 | Queue | Villager (Male) |
| 0:02 | Queue | Villager (Male) |
| 0:03 | Build | House |
| 0:05 | Build | House |
| 0:17 | Queue | Villager (Male) |
| 0:17 | Queue | Villager (Male) |
| 1:27 | Queue | Villager (Male) |
| 1:52 | Build | Settlement |
| 2:00 | Queue | Villager (Male) |
| 2:19 | Queue | Villager (Male) |
| 2:56 | Queue | Villager (Male) |
| 3:07 | Queue | Villager (Male) |
| 3:41 | Queue | Villager (Male) |
| 4:08 | Queue | Villager (Male) |
| 4:26 | Queue | Villager (Male) |
| 4:29 | Build | Settlement |
| 4:51 | Queue | Villager (Male) |
| 5:16 | Queue | Villager (Male) |
| 5:41 | Queue | Villager (Male) |
| 5:57 | Build | Barracks |
| 6:18 | Queue | Villager (Male) |
| 6:20 | Queue | Villager (Male) |
| 6:44 | Queue | Unit 2550 |
| 6:48 | Queue | Unit 2550 |
| 7:10 | Build | Settlement |
| 7:18 | Queue | Unit 2550 |
| 7:44 | Queue | Villager (Male) |
| 7:49 | Queue | Villager (Male) |
| 7:49 | Research | Loom |
| 8:57 | Research | Feudal Age |
| 9:34 | Build | Palisade Wall |
| 9:37 | Build | Palisade Wall |
| 10:05 | Queue | Unit 2550 |
| 10:23 | Build | Palisade Gate |
| 10:26 | Build | Farm |
| 10:26 | Build | Farm |
| 10:35 | Build | Palisade Wall |
| 10:49 | Queue | Unit 2550 |
| 10:55 | Queue | Villager (Male) |
| 11:09 | Age | Feudal Age |
| 11:10 | Build | Palisade Wall |
| 11:11 | Build | Palisade Wall |
| 11:19 | Build | Archery Range |
| 11:26 | Research | Tech 1402 |
| 11:27 | Queue | Villager (Male) |
| 11:32 | Build | Farm |
| 11:33 | Build | Farm |
| 11:59 | Build | House |
| 12:08 | Queue | Villager (Male) |
| 12:10 | Build | Farm |
| 12:19 | Queue | Archer |
| 12:37 | Queue | Unit 2550 |
| 12:38 | Queue | Villager (Male) |
| 12:43 | Build | Palisade Wall |
| 12:46 | Build | Palisade Wall |
| 12:59 | Queue | Unit 2550 |
| 13:05 | Queue | Villager (Male) |
| 13:09 | Build | Farm |
| 13:11 | Build | Farm |
| 13:19 | Build | Palisade Wall |
| 13:22 | Build | Palisade Wall |
| 13:28 | Queue | Unit 2550 |
| 13:29 | Queue | Villager (Male) |
| 13:32 | Build | House |
| 13:45 | Build | Blacksmith |
| 13:57 | Build | Palisade Wall |
| 13:58 | Build | Palisade Wall |
| 14:00 | Build | Palisade Wall |
| 14:00 | Queue | Villager (Male) |
| 14:04 | Build | Palisade Wall |
| 14:06 | Build | Palisade Wall |
| 14:12 | Queue | Villager (Male) |
| 14:17 | Queue | Archer |
| 14:46 | Queue | Villager (Male) |
| 14:50 | Build | Farm |
| 14:51 | Build | Farm |
| 14:54 | Research | Scale Mail Armor |
| 14:59 | Build | House |
| 15:01 | Build | House |
| 15:13 | Queue | Villager (Male) |
| 15:29 | Queue | Spearman |
| 15:36 | Queue | Villager (Male) |
| 15:38 | Build | House |
| 16:04 | Queue | Unit 2550 |
| 16:04 | Queue | Villager (Male) |
| 16:29 | Queue | Spearman |
| 16:40 | Queue | Villager (Male) |
| 16:41 | Build | Farm |
| 16:43 | Queue | Archer |
| 17:15 | Queue | Villager (Male) |
| 17:16 | Queue | Archer |
| 17:18 | Build | House |
| 17:22 | Build | Farm |
| 17:31 | Build | Market |
| 17:36 | Queue | Villager (Male) |
| 17:53 | Queue | Archer |
| 17:55 | Research | Fletching |
| 17:58 | Build | House |
| 18:00 | Build | Palisade Wall |
| 18:05 | Build | Palisade Wall |
| 18:16 | Queue | Villager (Male) |
| 18:18 | Build | Farm |
| 18:27 | Queue | Archer |
| 18:34 | Build | Farm |
| 18:37 | Research | Double-Bit Axe |
| 18:38 | Queue | Villager (Male) |
| 19:02 | Build | Palisade Wall |
| 19:12 | Queue | Villager (Male) |
| 19:18 | Build | House |
| 19:29 | Queue | Villager (Male) |
| 19:31 | Build | Farm |
| 19:46 | Queue | Spearman |
| 19:53 | Queue | Villager (Male) |
| 20:14 | Queue | Villager (Male) |
| 20:30 | Queue | Spearman |
| 20:30 | Queue | Villager (Male) |
| 21:15 | Build | Farm |
| 21:15 | Build | Farm |
| 21:26 | Queue | Villager (Male) |
| 21:33 | Research | Castle Age |
| 22:20 | Build | Barracks |
| 22:25 | Build | Farm |
| 22:28 | Research | Forging |
| 22:52 | Queue | Unit 2550 |
| 22:56 | Research | Horse Collar |
| 23:04 | Build | Palisade Wall |
| 23:09 | Queue | Unit 2550 |
| 23:09 | Queue | Unit 2550 |
| 23:12 | Build | Farm |
| 23:24 | Queue | Unit 2550 |
| 23:36 | Build | House |
| 23:42 | Queue | Unit 2550 |
| 23:42 | Queue | Unit 2550 |
| 23:55 | Build | Palisade Wall |
| 24:00 | Build | House |
| 24:02 | Build | Palisade Wall |
| 24:04 | Queue | Archer |
| 24:06 | Queue | Unit 2550 |
| 24:06 | Queue | Unit 2550 |
| 24:13 | Age | Castle Age |
| 24:31 | Build | House |
| 24:33 | Build | House |
| 24:40 | Research | Tech 1351 |
| 24:41 | Queue | Villager (Male) |
| 24:51 | Research | Squires |
| 24:56 | Build | Town Center |
| 25:00 | Build | House |
| 25:03 | Build | House |
| 25:06 | Build | Palisade Wall |
| 25:17 | Queue | Unit 2586 |
Build order — norvel
First 150 of 404 actions detected
| 0:00 | Queue | Villager (Male) |
| 0:00 | Queue | Villager (Male) |
| 0:01 | Queue | Villager (Male) |
| 0:02 | Build | House |
| 0:04 | Build | House |
| 0:10 | Queue | Villager (Male) |
| 0:10 | Queue | Villager (Male) |
| 1:45 | Queue | Villager (Male) |
| 1:51 | Build | Lumber Camp |
| 2:03 | Queue | Villager (Male) |
| 2:18 | Queue | Villager (Male) |
| 2:18 | Queue | Villager (Male) |
| 2:56 | Queue | Villager (Male) |
| 2:56 | Queue | Villager (Male) |
| 3:12 | Queue | Villager (Male) |
| 3:34 | Build | House |
| 3:38 | Queue | Villager (Male) |
| 4:13 | Queue | Villager (Male) |
| 4:16 | Build | Mill |
| 4:27 | Queue | Villager (Male) |
| 4:27 | Queue | Villager (Male) |
| 4:27 | Queue | Villager (Male) |
| 5:05 | Queue | Villager (Male) |
| 5:14 | Research | Loom |
| 5:50 | Queue | Villager (Male) |
| 6:35 | Research | Feudal Age |
| 7:04 | Queue | Villager (Male) |
| 7:23 | Queue | Villager (Male) |
| 7:32 | Queue | Villager (Male) |
| 7:38 | Build | Barracks |
| 7:47 | Build | House |
| 7:53 | Build | Barracks |
| 8:03 | Queue | Villager (Male) |
| 8:46 | Build | House |
| 8:55 | Age | Feudal Age |
| 8:57 | Build | Stable |
| 9:09 | Build | Palisade Wall |
| 9:11 | Build | House |
| 9:19 | Build | Palisade Wall |
| 9:34 | Build | Palisade Wall |
| 9:36 | Build | Palisade Wall |
| 9:40 | Build | House |
| 9:42 | Build | Palisade Wall |
| 9:44 | Build | Palisade Wall |
| 9:46 | Build | Palisade Wall |
| 9:47 | Queue | Villager (Male) |
| 9:56 | Build | Palisade Wall |
| 10:01 | Build | House |
| 10:03 | Queue | Villager (Male) |
| 10:19 | Queue | Villager (Male) |
| 10:22 | Queue | Scout Cavalry |
| 10:22 | Queue | Scout Cavalry |
| 10:32 | Build | Palisade Wall |
| 10:37 | Queue | Villager (Male) |
| 10:49 | Build | Palisade Wall |
| 10:53 | Build | Palisade Wall |
| 11:13 | Queue | Scout Cavalry |
| 11:17 | Build | Farm |
| 11:19 | Build | Farm |
| 11:21 | Build | Farm |
| 11:26 | Queue | Villager (Male) |
| 11:35 | Build | Farm |
| 11:41 | Build | House |
| 11:52 | Queue | Scout Cavalry |
| 11:53 | Queue | Villager (Male) |
| 11:53 | Queue | Villager (Male) |
| 12:01 | Build | Farm |
| 12:04 | Queue | Villager (Male) |
| 12:10 | Research | Double-Bit Axe |
| 12:11 | Queue | Villager (Male) |
| 12:19 | Queue | Villager (Male) |
| 12:20 | Queue | Villager (Male) |
| 12:26 | Build | Farm |
| 12:35 | Queue | Villager (Male) |
| 12:49 | Build | Farm |
| 12:58 | Queue | Villager (Male) |
| 13:00 | Build | Farm |
| 13:02 | Build | Farm |
| 13:11 | Build | Farm |
| 13:17 | Build | Farm |
| 13:19 | Queue | Villager (Male) |
| 13:32 | Build | House |
| 13:34 | Build | House |
| 13:45 | Queue | Villager (Male) |
| 13:55 | Queue | Villager (Male) |
| 14:02 | Build | Palisade Wall |
| 14:10 | Queue | Scout Cavalry |
| 14:13 | Build | Farm |
| 14:16 | Build | Farm |
| 14:20 | Build | Farm |
| 14:22 | Build | Farm |
| 14:42 | Queue | Villager (Male) |
| 14:44 | Build | Farm |
| 15:01 | Queue | Villager (Male) |
| 15:25 | Build | Mining Camp |
| 15:27 | Queue | Scout Cavalry |
| 15:34 | Queue | Villager (Male) |
| 15:47 | Queue | Scout Cavalry |
| 16:00 | Queue | Villager (Male) |
| 16:03 | Queue | Scout Cavalry |
| 16:23 | Build | Blacksmith |
| 16:35 | Queue | Villager (Male) |
| 16:37 | Queue | Scout Cavalry |
| 17:11 | Research | Scale Barding Armor |
| 17:14 | Queue | Villager (Male) |
| 17:14 | Queue | Villager (Male) |
| 17:19 | Build | Farm |
| 17:21 | Build | Farm |
| 17:27 | Build | Watch Tower |
| 17:32 | Queue | Villager (Male) |
| 17:40 | Build | House |
| 17:53 | Research | Bloodlines |
| 17:53 | Research | Bloodlines |
| 18:03 | Build | House |
| 18:18 | Queue | Villager (Male) |
| 18:31 | Build | Farm |
| 18:45 | Build | House |
| 18:59 | Build | House |
| 19:09 | Queue | Villager (Male) |
| 19:21 | Build | Mining Camp |
| 19:24 | Queue | Villager (Male) |
| 19:35 | Queue | Scout Cavalry |
| 19:35 | Queue | Scout Cavalry |
| 19:35 | Queue | Scout Cavalry |
| 19:38 | Build | Farm |
| 19:39 | Build | Farm |
| 19:58 | Queue | Villager (Male) |
| 20:00 | Queue | Scout Cavalry |
| 20:39 | Queue | Villager (Male) |
| 21:02 | Queue | Villager (Male) |
| 21:10 | Queue | Villager (Male) |
| 21:34 | Build | Market |
| 22:13 | Queue | Villager (Male) |
| 22:13 | Queue | Villager (Male) |
| 22:25 | Build | Lumber Camp |
| 22:29 | Research | Castle Age |
| 22:35 | Build | Barracks |
| 22:38 | Build | Stable |
| 22:50 | Build | Lumber Camp |
| 22:59 | Research | Forging |
| 23:03 | Queue | Scout Cavalry |
| 23:09 | Build | House |
| 23:10 | Build | House |
| 23:11 | Build | House |
| 23:14 | Build | Palisade Wall |
| 23:19 | Queue | Scout Cavalry |
| 23:28 | Build | Palisade Wall |
| 23:31 | Build | Palisade Wall |
| 23:44 | Queue | Scout Cavalry |
| 23:46 | Queue | Villager (Male) |
Match timeline
| 5:57 | jf · first_building Barracks |
| 7:38 | norvel · first_building Barracks |
| 8:55 | norvel · age_up feudal |
| 8:57 | norvel · first_building Stable |
| 9:09 | norvel · wall_segment Palisade Wall x1 |
| 9:19 | norvel · wall_segment Palisade Wall x1 |
| 9:34 | jf · wall_segment Palisade Wall x18 |
| 9:34 | norvel · wall_segment Palisade Wall x1 |
| 9:36 | norvel · wall_segment Palisade Wall x1 |
| 9:37 | jf · wall_segment Palisade Wall x9 |
| 9:42 | norvel · wall_segment Palisade Wall x1 |
| 9:44 | norvel · wall_segment Palisade Wall x1 |
| 9:46 | norvel · wall_segment Palisade Wall x1 |
| 9:56 | norvel · wall_segment Palisade Wall x1 |
| 10:32 | norvel · wall_segment Palisade Wall x1 |
| 10:35 | jf · wall_segment Palisade Wall x15 |
| 10:49 | norvel · wall_segment Palisade Wall x1 |
| 10:53 | norvel · wall_segment Palisade Wall x3 |
| 11:09 | jf · age_up feudal |
| 11:10 | jf · wall_segment Palisade Wall x2 |
| 11:11 | jf · wall_segment Palisade Wall x2 |
| 11:19 | jf · first_building Archery Range |
| 12:43 | jf · wall_segment Palisade Wall x14 |
| 12:46 | jf · wall_segment Palisade Wall x6 |
| 13:19 | jf · wall_segment Palisade Wall x1 |
| 13:22 | jf · wall_segment Palisade Wall x12 |
| 13:57 | jf · wall_segment Palisade Wall x1 |
| 13:58 | jf · wall_segment Palisade Wall x1 |
| 14:00 | jf · wall_segment Palisade Wall x1 |
| 14:02 | norvel · wall_segment Palisade Wall x1 |
| 14:04 | jf · wall_segment Palisade Wall x1 |
| 14:06 | jf · wall_segment Palisade Wall x1 |
| 18:00 | jf · wall_segment Palisade Wall x1 |
| 18:05 | jf · wall_segment Palisade Wall x1 |
| 19:02 | jf · wall_segment Palisade Wall x1 |
| 21:30 | jf · first_market_buy 100 food |
| 22:28 | norvel · first_market_buy 100 food |
| 23:04 | jf · wall_segment Palisade Wall x2 |
| 23:14 | norvel · wall_segment Palisade Wall x1 |
| 23:28 | norvel · wall_segment Palisade Wall x6 |
| 23:31 | norvel · wall_segment Palisade Wall x5 |
| 23:50 | norvel · wall_segment Palisade Wall x10 |
| 23:55 | jf · wall_segment Palisade Wall x13 |
| 24:02 | jf · wall_segment Palisade Wall x1 |
| 24:13 | jf · age_up castle |
| 25:06 | jf · wall_segment Palisade Wall x1 |
| 25:18 | norvel · age_up castle |
| 25:36 | jf · wall_segment Palisade Wall x1 |
| 26:58 | norvel · wall_segment Palisade Wall x1 |
| 28:33 | jf · first_market_sell 100 wood |
| 28:39 | norvel · first_building Monastery |
| 32:30 | norvel · first_building Castle |
| 32:44 | jf · first_building Siege Workshop |
| 34:17 | norvel · first_market_sell 100 food |
| 34:35 | jf · wall_segment Palisade Wall x2 |
| 34:36 | norvel · first_building Archery Range |
| 35:34 | jf · wall_segment Palisade Wall x1 |
| 36:33 | jf · first_building Monastery |
| 37:22 | jf · first_building Castle |
| 37:53 | norvel · first_building Siege Workshop |
| 40:16 | jf · wall_segment Stone Wall x1 |
| 41:12 | norvel · age_up imperial |
| 42:06 | jf · resign |
[ AI ANALYSIS · 1 CREDIT ]
What really happened in this match?
Wolo.gg analyzes every decision: build order, eco, micro, common mistakes by bracket. Personalized analysis on WhatsApp or Discord in 30 seconds.
Civ guide
Muisca
Perfil
Jugador #2128432